 Dungeon Sprint DCSS version 0.20.1-1-g8b1a95d (webtiles) character file.

533 wojtek the Basher (level 7, -5/66 (69) HPs)
             Began as a Minotaur Berserker on Jan 1, 2018.
             Was a Believer of Trog.
             Slain by a tyrant leech (31 damage)
             ... in the Dungeon (Sprint II: "The Violet Keep of Menkaure").
             The game lasted 00:00:27 (322 turns).

wojtek the Basher (Minotaur Berserker)               Turns: 322, Time: 00:00:28

HP:   -5/66 (69)    AC:  2    Str: 23    XL:     7   Next: 4%
MP:   6/6           EV: 15    Int:  4    God:    Trog [**....]
Gold: 243           SH:  0    Dex: 10    Spells: 6/6 levels left

rFire    . . .     SeeInvis .   a - +0 mace
rCold    . . .     Gourm    .   (no shield)
rNeg     . . .     Faith    .   b - +0 animal skin
rPois    .         Spirit   .   (helmet restricted)
rElec    .         Reflect  .   (no cloak)
rCorr    .         Harm     .   (no gloves)
MR       .....     NoTele   +   (no boots)
Stlth    +.........             (no amulet)
Regen    0.3/turn               (no ring)
MPRegen  0.1/turn               (no ring)

@: berserk cooldown, slowed, very slow
A: retaliatory headbutt, horns 2
a: Berserk, Trog's Hand, Burn Spellbooks, Renounce Religion


You were in the Dungeon.
You worshipped Trog.
Trog was pleased with you.
You were not hungry.

You visited 1 branch You collected 243 gold pieces.

Inventory:

Hand Weapons
 a - a +0 mace (weapon)
Armour
 b - a +0 animal skin (worn)
Scrolls
 i - a scroll of blinking
Potions
 d - a potion of curing
 e - a potion of heal wounds
 f - a potion of haste
 g - 2 potions of magic
 h - a potion of berserk rage
Comestibles
 c - a bread ration


   Skills:
 + Level 8.9 Fighting
 * Level 11.7 Maces & Flails
 + Level 8.5 Armour
 + Level 7.7 Dodging


You had 6 spell levels left.
You didn't know any spells.

Dungeon Overview and Level Annotations

Branches:
Dungeon (1/1)

Altars:


Innate Abilities, Weirdness & Mutations

You reflexively headbutt those who attack you in melee.
You have a pair of horns on your head.


Message History

Unknown command.
You hit the tyrant leech.
The tyrant leech is almost dead.
You are no longer berserk.
You are exhausted.
You feel yourself slow down.
You closely miss the tyrant leech.
The tyrant leech is almost dead.
The tyrant leech barely misses you.
You closely miss the tyrant leech. You headbutt the tyrant leech.
You kill the tyrant leech!
Trog accepts your kill.
Your Maces & Flails skill increases to level 11!
Your Armour skill increases to level 8!
Your Dodging skill increases to level 7!
You have reached level 7!
You thump the tyrant leech! Your headbutt misses the tyrant leech.
The tyrant leech is lightly wounded.
The tyrant leech bites you!!
You die...

##+##
##.#.##
#..#..#
##...####
##รท###.##
##.##...#
+.<@w#
##.##..$#
#+# #.##
##


You could see a tyrant leech.

Vanquished Creatures
  A tyrant leech (D)
  4 necrophages (D)
5 creatures vanquished.

Vanquished Creatures (others)
  A crocodile (D)
1 creature vanquished.

Grand Total: 6 creatures vanquished

Notes
Turn   | Place    | Note
-------+----------+-------------------------------------------
     0 | D        | wojtek the Minotaur Berserker began the quest for the Orb.
     0 | D        | Reached XP level 1. HP: 19/19 MP: 0/0
     1 | D        | Noticed a necrophage
     1 | D        | Noticed a necrophage
     1 | D        | Noticed a necrophage
     1 | D        | Noticed a necrophage
     9 | D        | Killed a necrophage
     9 | D        | Reached skill level 5 in Fighting
     9 | D        | Reached skill level 7 in Maces & Flails
     9 | D        | Reached skill level 5 in Armour
     9 | D        | Reached XP level 2. HP: 9/28 MP: 1/1
     9 | D        | Reached XP level 3. HP: 11/35 MP: 2/2
     9 | D        | Reached XP level 4. HP: 13/42 MP: 3/3
    12 | D        | Killed a necrophage
    12 | D        | Reached skill level 9 in Maces & Flails
    12 | D        | Reached skill level 5 in Dodging
    12 | D        | Reached XP level 5. HP: 9/49 MP: 4/4
    17 | D        | Killed a necrophage
    17 | D        | Reached ** piety under Trog
    17 | D        | Reached skill level 10 in Maces & Flails
    21 | D        | Killed a necrophage
    21 | D        | Reached XP level 6. HP: 5/58 MP: 5/5
   300 | D        | Noticed a tyrant leech
   300 | D        | Noticed a tyrant leech
   321 | D        | Killed a tyrant leech
   321 | D        | Reached skill level 11 in Maces & Flails
   321 | D        | Reached XP level 7. HP: 25/66 MP: 6/6
   322 | D        | Slain by a tyrant leech

Skill      XL: |  1  2  3  4  5  6 |
---------------+-------------------+-----
Fighting       | 5 6 8 |  8.9
Maces & Flails | 7 9 10 11 | 11.7
Armour         | 5 6 7 8 |  8.5
Dodging        | 4 5 6 7 |  7.7

Action                   |  1- 3 |  4- 6 |  7- 9 || total
-------------------------+-------+-------+-------++-------
Melee: Mace              |     7 |    29 |     1 ||    37
       Headbutt          |     2 |     5 |       ||     7
Invok: Berserk           |       |     2 |       ||     2
Armor: Animal skin       |       |     1 |       ||     1
Dodge: Dodged            |     2 |     7 |       ||     9
